 Dungeon Crawl Stone Soup version 0.17-a0-1092-gc664a5b (console) character file.

50 Monkaria the Skirmisher (level 3, 0/30 HPs)
             Began as a Demonspawn Chaos Knight on May 20, 2015.
             Succumbed to Crazy Yiuf's poison
             ... on level 2 of the Dungeon.
             The game lasted 00:02:31 (1136 turns).

Monkaria the Skirmisher (Demonspawn Chaos Knight)   Turns: 1136, Time: 00:02:31

Health: 0/30       AC:  5    Str: 13    XL:     3   Next: 55%
Magic:  3/3        EV: 11    Int: 13    God:    Xom [...*..]
Gold:   132        SH:  0    Dex: 12    Spells: 0 memorised, 2 levels left

rFire  . . .     SeeInvis .     a - +0 falchion (chaos)
rCold  . . .     Clarity  .     b - +2 leather armour
rNeg   . . .     SustAb   .     (no shield)
rPois  .         Gourm    .     (no helmet)
rElec  .         Spirit   .     (no cloak)
rCorr  .         Warding  .     (no gloves)
rMut   .         Stasis   .     (no boots)
MR     .....                    (no amulet)
Stlth  +.........               (no ring)
                                (no ring)

@: lethally poisoned (0 -> -29), not resistant to hostile enchantments, very
unstealthy
A: talons 2
a: Renounce Religion


You were on level 2 of the Dungeon.
You worshipped Xom.
You were a favourite toy of Xom.
You were hungry.

You visited 1 branch of the dungeon, and saw 2 of its levels.

You collected 132 gold pieces.

Inventory:

Hand weapons
 a - a +0 falchion of chaos (weapon)
Armour
 b - a +2 leather armour (worn)
Scrolls
 d - 2 scrolls of teleportation {unknown}
 e - a scroll of fear {unknown}
 g - a scroll of noise {unknown}
 j - 2 scrolls of identify {unknown}
 k - a scroll of recharging {unknown}
Potions
 f - a potion of magic {unknown}
 h - a potion of curing {unknown}
 i - a potion of haste {unknown}
Comestibles
 c - a bread ration
 l - 2 meat rations


   Skills:
 - Level 4.0 Fighting
 - Level 2.6 Long Blades
 - Level 2.2 Armour
 - Level 0.8 Dodging
 + Level 1.0 Unarmed Combat


You had 2 spell levels left.
You didn't know any spells.

Dungeon Overview and Level Annotations

Branches:
Dungeon (2/15)

Altars:

Annotations:
D:2 Crazy Yiuf


Innate Abilities, Weirdness & Mutations

You have razor-sharp toenails.


Message History

The adder bites you.
You are more poisoned.
The adder poisons you!
Your ufetubus hits the adder. Your ufetubus hits the adder.
The adder closely misses you.
You hit the adder but do no damage.
The adder is poisoned.
The adder is heavily wounded.
Your ufetubus hits the adder. x2
The adder bites your ufetubus but does no damage.
Your ufetubus completely misses the adder.
Your ufetubus hits the adder.
The adder dies!
Your Unarmed Combat skill increases to level 1!
You feel sick. Something hits your ufetubus!
Your ufetubus dies!
You feel sick.
Crazy Yiuf hits you with a quarterstaff of chaos!
* * * LOW HITPOINT WARNING * * *
You are more poisoned.
You die...
Xom chuckles heartily!

....#...g.# #.# #....#.#
........#.# #.# ######.#
##.#..#.#.# #.# #.# # #..#...#
#.# #.# #..#.†.# #.# ####.#
#......#### #.# #....# #
#....#..g.# #.# #.####
#.####.#..#.# #.#####.#
#.........#@# #.##....#
####....#...# #.##.####
#######.####...# #.##...######
#.......# ##.#####.####.#<...#
###.#####.# #.##....####.#..#.#
......# ### #.<#.##.#.......#
......# ##.#.#..#.#.#......
......# #.#.#..#.#.#......
#####.##########.#.#....#<.......


You could see Crazy Yiuf.

Vanquished Creatures
  2 oozes
  2 worms
  9 hobgoblins
  2 jackals (D:1)
  2 bats (D:1)
  4 giant newts (D:2)
  A goblin (D:2)
  5 kobolds
  A rat (D:1)
28 creatures vanquished.

Vanquished Creatures (collateral kills)
  An adder (D:2)
1 creature vanquished.

Vanquished Creatures (others)
  An ufetubus (D:2)
1 creature vanquished.

Grand Total: 30 creatures vanquished

Notes
Turn   | Place    | Note
--------------------------------------------------------------
     0 | D:1      | Monkaria the Demonspawn Chaos Knight began the quest for the Orb.
     0 | D:1      | Reached XP level 1. HP: 18/18 MP: 1/1
   139 | D:1      | Gained mutation: You have sharp toenails. [demonic ancestry]
   139 | D:1      | Reached XP level 2. HP: 21/24 MP: 2/2
   283 | D:1      | XOM: mild Conj miscast
   308 | D:1      | HP: 1/25 [hobgoblin/club (2)]
   494 | D:1      | Reached skill level 4 in Fighting
   699 | D:1      | XOM: silly message
   880 | D:2      | Gained mutation: You have razor-sharp toenails. [demonic ancestry]
   880 | D:2      | Reached XP level 3. HP: 18/30 MP: 3/3
   907 | D:2      | XOM: harmless Fire miscast
  1088 | D:2      | Noticed Crazy Yiuf
  1126 | D:2      | XOM: summons friendly ufetubus
  1132 | D:2      | Reached skill level 1 in Unarmed Combat
  1136 | D:2      | Succumbed to Crazy Yiuf's poison

Vault maps used:
D:1:      dpeg_arrival_brainrot
D:2:      lightli_corner_chamber, uniq_crazy_yiuf_cottage

Action                   || total
-------------------------++-------
Melee: Falchion          ||    96
